 Dungeon Crawl Stone Soup version 0.24-a0-504-gcfb02b9d07 (webtiles) character file.

Game seed: 2509302316109522642

2390948 kuniqs the Archmage (level 27, 184/184 HPs)
             Began as a Deep Elf Wizard on July 17, 2019.
             Was the Champion of Vehumet.
             Escaped with the Orb
             ... and 4 runes on July 18, 2019!
             The game lasted 03:34:14 (71775 turns).

kuniqs the Archmage (Deep Elf Wizard)              Turns: 71775, Time: 03:34:14

Health: 184/184    AC: 22    Str:  7    XL:     27
Magic:  49/56      EV: 24    Int: 49    God:    Vehumet [******]
Gold:   6561       SH:  9    Dex: 20    Spells: 10/80 levels left

rFire    + + +     SeeInvis .   C - +3 Elemental Staff {rElec rF++ rC++ MR++ AC+5}
rCold    + + .     Gourm    .   M - +3 buckler {AC+3}
rNeg     + + +     Faith    .   b - +2 robe {rN+}
rPois    +         Spirit   .   N - +2 hat of Tempters {+Fly rC+ Int+3 Dex-2}
rElec    +         Reflect  .   D - scarf {cloud immunity}
rCorr    +         Harm     .   i - +2 pair of gloves {Dex+3}
MR       +++++                  U - +0 pair of boots of Death's Door {+Inv rCorr Str-2 Stlth+}
Stlth    +++.......             j - amulet of the Secret Blessings {*Drain Regen+ Int+4 Dex+6 Stlth+}
HPRegen  0.80/turn              k - ring "Daij Sock" {rPois rF+ Str+3 Int+5 Slay+2}
MPRegen  0.35/turn              V - ring of Noivvaf {Fire rN++ Str+4}

@: deflect missiles
A: iridescent scales 2, deterioration 2, magic resistance 1, weak 1
0: Orb of Zot
}: 4/15 runes: decaying, serpentine, slimy, silver
a: Renounce Religion, Evoke Invisibility, Evoke Flight


You escaped.
You worshipped Vehumet.
Vehumet was exalted by your worship.
You were not hungry.

You visited 12 branches of the dungeon, and saw 58 of its levels.
You visited the Abyss 1 time.
You also visited: Gauntlet and Ice Cave.

You collected 8843 gold pieces.
You spent 2282 gold pieces at shops.

Inventory:

Hand Weapons
 C - the +3 Elemental Staff (weapon) {rElec rF++ rC++ MR++ AC+5}
   (You found it on level 3 of the Elven Halls)

   It affects your AC (+5).
   It greatly protects you from fire.
   It greatly protects you from cold.
   It insulates you from electricity.
   It affects your resistance to hostile enchantments.
Armour
 b - a +2 robe of positive energy (worn)
 i - a +2 pair of gloves of dexterity (worn)
 D - a scarf of cloud immunity (worn)
 M - a +3 buckler of protection (worn)
 N - the +2 hat of Tempters (worn) {+Fly rC+ Int+3 Dex-2}
   (You found it in a Gauntlet)

   It affects your intelligence (+3).
   It affects your dexterity (-2).
   It protects you from cold.
   It lets you fly.
 U - the +0 pair of boots of Death's Door (worn) {+Inv rCorr Str-2 Stlth+}
   (You found it on level 3 of the Vaults)

   It affects your strength (-2).
   It lets you turn invisible.
   It provides partial protection from all sources of acid and corrosion.
   It makes you more stealthy.
Magical Staves
 I - an uncursed staff of conjuration
Jewellery
 g - the ring of Doubts {MR++ Str+3 SInv}
   (You took it off a black draconian on level 5 of the Depths)

   [ring of see invisible]

   It affects your strength (+3).
   It affects your resistance to hostile enchantments.
   It lets you see invisible.
 j - the amulet of the Secret Blessings (around neck) {*Drain Regen+ Int+4 Dex+6 Stlth+}
   (You acquired it on level 5 of the Depths)

   [amulet of regeneration]

   It affects your intelligence (+4).
   It affects your dexterity (+6).
   It increases your rate of regeneration.
   It causes draining when unequipped.
   It makes you more stealthy.
 k - the ring "Daij Sock" (left hand) {rPois rF+ Str+3 Int+5 Slay+2}
   (You bought it in a shop on level 2 of the Vaults)

   [ring of intelligence]

   It affects your strength (+3).
   It affects your intelligence (+5).
   It affects your accuracy and damage with ranged weapons and melee attacks
   (+2).
   It protects you from fire.
   It protects you from poison.
 V - the ring of Noivvaf (right hand) {Fire rN++ Str+4}
   (You found it on level 3 of the Crypt)

   [ring of fire]

   It enhances your fire magic.
   It affects your strength (+4).
   It protects you from fire.
   It makes you vulnerable to cold.
   It greatly protects you from negative energy.
Wands
 r - a wand of iceblast (11)
 u - a wand of digging (5)
 v - a wand of scattershot (8)
 B - a wand of paralysis (18)
 H - a wand of disintegration (60)
 K - a wand of acid (25)
 Q - a wand of polymorph (26)
 T - a wand of enslavement (52)
 Z - a wand of clouds (2)
Scrolls
 c - 11 scrolls of fear
 e - 21 scrolls of teleportation
 m - 4 scrolls of amnesia
 p - 24 scrolls of remove curse {@r2}
 s - 7 scrolls of immolation
 x - 8 scrolls of identify {@r1}
 y - 7 scrolls of enchant armour
 A - 7 scrolls of fog
 E - 5 scrolls of blinking
 J - 2 scrolls of holy word
 O - 6 scrolls of summoning
 S - 6 scrolls of silence
Potions
 h - 2 potions of agility
 l - 24 potions of curing {@q1}
 o - 13 potions of heal wounds
 q - 4 potions of flight
 t - 5 potions of brilliance
 z - 14 potions of lignification
 F - 5 potions of magic
 G - 7 potions of haste
 L - 5 potions of mutation
 P - 4 potions of invisibility
 R - 2 potions of cancellation
 Y - 6 potions of might
Miscellaneous
 a - a lightning rod (4/4)
Comestibles
 d - 64 rations


   Skills:
 + Level 21.9 Fighting
 - Level 14.0 Dodging
 - Level 15.0 Stealth
 - Level 4.1 Shields
 O Level 27 Spellcasting
 O Level 27 Conjurations
 - Level 8.0 Hexes
 - Level 20.0 Charms
   Level 1.1 Summonings
 - Level 12.2 Necromancy
 - Level 1.1 Translocations
 - Level 20.0 Fire Magic
 - Level 6.0 Air Magic
   Level 8.0 Poison Magic
 - Level 5.0 Evocations


You had 10 spell levels left.
You knew the following spells:

 Your Spells              Type           Power        Failure   Level  Hunger
a - Orb of Destruction    Conj           ########..   0%          7    None
b - Blink                 Tloc           N/A          1%          2    None
c - Ignition              Fire           #########.   1%          8    None
d - Fire Storm            Conj/Fire      #########.   1%          9    None
e - Sublimation of Blood  Necr           ########..   0%          2    None
f - Death's Door          Chrm/Necr      ########..   1%          8    None
h - Deflect Missiles      Chrm/Air       ########..   1%          6    None
i - Regeneration          Chrm/Necr      ########..   0%          3    None
j - Bolt of Fire          Conj/Fire      #########.   0%          6    None
k - Cause Fear            Hex            #######...   1%          4    None
l - Lightning Bolt        Conj/Air       ########..   0%          5    None
m - Bolt of Draining      Conj/Necr      ########..   0%          5    None
n - Dispel Undead         Necr           ########     1%          5    None

Your spell library contained the following spells:

 Spells                   Type           Power        Failure   Level  Hunger
 Chain Lightning          Conj/Air       ########..   1%          8    None
 Animate Skeleton         Necr           N/A          0%          1    None
 Confusing Touch          Hex            ######       0%          1    None
 Corona                   Hex            #######      0%          1    None
 Flame Tongue             Conj/Fire      #####        0%          1    None
 Infusion                 Chrm           ####         0%          1    None
 Magic Dart               Conj           ####         0%          1    None
 Pain                     Necr           ####         0%          1    None
 Shock                    Conj/Air       ####         0%          1    None
 Sting                    Conj/Pois      ####         0%          1    None
 Corpse Rot               Necr           N/A          0%          2    None
 Poisonous Vapours        Pois/Air       ######       0%          2    None
 Searing Ray              Conj           ######       0%          2    None
 Shroud of Golubria       Chrm/Tloc      ######       0%          2    None
 Slow                     Hex            #######.     0%          2    None
 Song of Slaying          Chrm           ########     0%          2    None
 Swiftness                Chrm/Air       ########     0%          2    None
 Throw Flame              Conj/Fire      ######       0%          2    None
 Conjure Flame            Conj/Fire      ########     0%          3    None
 Dazzling Spray           Conj/Hex       ######       0%          3    None
 Ignite Poison            Fire/Tmut/Pois ########     0%          3    None
 Inner Flame              Hex/Fire       ########     0%          3    None
 Mephitic Cloud           Conj/Pois/Air  ########     0%          3    None
 Spectral Weapon          Hex/Chrm       ########     0%          3    None
 Static Discharge         Conj/Air       ########     0%          3    None
 Stone Arrow              Conj/Erth      ######       0%          3    None
 Vampiric Draining        Necr           ########..   0%          3    None
 Animate Dead             Necr           N/A          0%          4    None
 Force Lance              Conj/Tloc      ########     0%          4    None
 Fulminant Prism          Conj/Hex       ########..   0%          4    None
 Iskenderun's Mystic Bla  Conj           ########     0%          4    None
 Sticky Flame             Conj/Fire      ########     0%          4    None
 Bolt of Magma            Conj/Fire/Erth ########..   0%          5    None
 Excruciating Wounds      Chrm/Necr      ########..   0%          5    None
 Fireball                 Conj/Fire      #########.   0%          5    None
 Venom Bolt               Conj/Pois      ########..   0%          5    None
 Apportation              Tloc           ######       1%          1    None
 Sandblast                Erth           ######       1%          1    None
 Summon Butterflies       Summ           ######..     1%          1    None
 Summon Small Mammal      Summ           ####         1%          1    None
 Call Imp                 Summ           ######..     1%          2    None
 Ensorcelled Hibernation  Hex/Ice        ######       1%          2    None
 Passwall                 Tmut/Erth      ######..     1%          2    None
 Sticks to Snakes         Tmut           ######..     1%          2    None
 Call Canine Familiar     Summ           ######..     1%          3    None
 Confuse                  Hex            #######.     1%          3    None
 Gell's Gravitas          Tloc           ######....   1%          3    None
 Lesser Beckoning         Tloc           ######....   1%          3    None
 Portal Projectile        Hex/Tloc       ######       1%          3    None
 Recall                   Summ/Tloc      N/A          1%          3    None
 Summon Guardian Golem    Hex/Summ       #######.     1%          3    None
 Teleport Other           Tloc           ######..     1%          3    None
 Tukima's Dance           Hex            #######.     1%          3    None
 Airstrike                Air            #######...   1%          4    None
 Ice Form                 Ice/Tmut       ######..     1%          4    None
 Leda's Liquefaction      Hex/Erth       #######...   1%          4    None
 Olgreb's Toxic Radiance  Pois           #######.     1%          4    None
 Petrify                  Tmut/Erth      ######..     1%          4    None
 Summon Ice Beast         Ice/Summ       ######..     1%          4    None
 Summon Lightning Spire   Summ/Air       #######.     1%          4    None
 Agony                    Necr           ########     1%          5    None
 Alistair's Intoxication  Tmut/Pois      #######.     1%          5    None
 Borgnjor's Vile Clutch   Necr/Erth      #######...   1%          5    None
 Lee's Rapid Deconstruct  Erth           ######....   1%          5    None
 Metabolic Englaciation   Hex/Ice        #######...   1%          5    None
 Silence                  Hex/Air        #######...   1%          5    None
 Summon Mana Viper        Hex/Summ       #######.     1%          5    None
 Yara's Violent Unravell  Hex/Tmut       #######...   1%          5    None
 Bolt of Cold             Conj/Ice       ########..   1%          6    None
 Conjure Ball Lightning   Conj/Air       ########..   1%          6    None
 Death Channel            Necr           ########..   1%          6    None
 Freezing Cloud           Conj/Ice/Air   ########..   1%          6    None
 Invisibility             Hex            #######.     1%          6    None
 Iron Shot                Conj/Erth      ########..   1%          6    None
 Simulacrum               Ice/Necr       #######...   1%          6    None
 Ring of Flames           Chrm/Fire      #########.   1%          7    None
 Aura of Abjuration       Summ           ######....   3%          5    None
 Summon Demon             Summ           ######....   3%          5    None
 Summon Forest            Summ/Tloc      ######....   3%          5    None
 Ozocubu's Refrigeration  Ice            ######....   7%          6    None
 Borgnjor's Revivificati  Necr           ########..   7%          8    None
 Infestation              Necr           ########..   7%          8    None
 Haunt                    Necr/Summ      #######...   9%          7    None
 Dispersal                Tloc           ######....   16%         6    None
 Shadow Creatures         Summ           N/A          16%         6    None
 Hydra Form               Tmut           ######....   26%         6    None
 Statue Form              Tmut/Erth      ######...    26%         6    None
 Discord                  Hex            #######...   38%         8    None
 Malign Gateway           Summ/Tloc      ######....   65%         7    None
 Monstrous Menagerie      Summ           ######....   65%         7    None
 Summon Greater Demon     Summ           ######....   65%         7    None
 Summon Hydra             Summ           ######....   65%         7    None
 Necromutation            Tmut/Necr      #######...   65%         8    None
 Dragon Form              Tmut           ######....   80%         7    None
 Tornado                  Air            #######...   96%         9    None
 Controlled Blink         Tloc           N/A          100%        8    None
 Disjunction              Tloc           ######....   100%        8    None
 Summon Horrible Things   Summ           ######....   100%        8    None
 Dragon's Call            Summ           ######....   100%        9    None
 Shatter                  Erth           ######....   100%        9    None
 Passage of Golubria      Tloc           Unusable     N/A         4    N/A

Dungeon Overview and Level Annotations

Branches:
Dungeon (15/15)            Temple (1/1) D:4            Lair (6/6) D:9
  Swamp (4/4) Lair:3        Snake (4/4) Lair:3        Slime (5/5) Lair:5
    Orc (2/2) D:9             Elf (3/3) Orc:2        Vaults (5/5) D:14
  Crypt (3/3) Vaults:3       Tomb (0/3) Crypt:3      Depths (5/5) D:15
    Zot (5/5) Depths:5

Altars:
Ashenzari
Cheibriados
Dithmenos
Elyvilon
Fedhas
Gozag
Hepliaklqana
Kikubaaqudgha
Makhleb
Nemelex Xobeh
Okawaru
Qazlal
Ru
Sif Muna
Trog
Uskayaw
Vehumet
Wu Jian
Xom
Yredelemnul
Zin
The Shining One
Jiyva
Lugonu

Shops:
D:6 [   D:7 =   Orc:2 (%%%*   Snake:3 *   Snake:4 !   Vaults:2 =   Depths:1 *

Portals:
Hell: Depths:1 Depths:2 Depths:3 Depths:4 Depths:5
Abyss: Depths:2 Depths:4 Depths:5
Pandemonium: Depths:3
Ziggurat: Depths:1
Bazaar: Snake:1

Annotations:
D:10 exclusion: ice statue
Elf:2 3 runed translucent doors
Vaults:4 exclusion: door, Mennas
Zot:2 2 transporters
Zot:4 2 transporters


Innate Abilities, Weirdness & Mutations

You are mostly covered in iridescent scales. (AC +4)
Your body often deteriorates upon taking damage.
You are resistant to hostile enchantments. (MR+)
You are weak. (Str -2)


Message History

Tha cherub parti'lly resists.
Tha cherub's eagle head screeches!
Tha Tzitzimitl be 'ngulfed in blazin' flames.
Tha cherub unwields a +1 scimitar o' flamin'.
It stops flamin'.
Tha cherub wields a +0 longbow.
Tha cherub shoots an arrow.
Tha arrow completely misses ye.
Ye feel a surge o' power!
A ragin' storm o' fire appears!
Tha great blast o' fire 'ngulfs tha cherub!!!
Tha cherub parti'lly resists.
Ye kill tha cherub!
Vehumet accepts yer kill.
Ye feel yer power returnin'.
Ye hear a splash. x4
Tha great blast o' fire 'ngulfs tha Tzitzimitl!!!!
Ye kill tha Tzitzimitl!
Vehumet accepts yer kill.
Ye feel yer power returnin'.
A soul eater comes inta view.
Thar be a staircase leadin' outta tha dungeon 'ere.
Ye haf 'scaped!

#.........# #.#
#.#
#######.##.###
##'### #..
...........#
#....# ###
########.###
#....# #)##
#....# #..#
##########.###
##.###..........#
#.#≈≈.......(..#
###
#.#§≈...@...3#.#
..#
#.#≈≈..v.....#.#
#.#
#.#≈....v..≈≈#.#
..#
#.#≈≈vv...≈≈≈#.#
###
#.#≈≈≈≈vv≈≈≈≈#.#
###
#.#≈≈§≈≈≈≈≈≈≈#.#
..#
#.###≈≈≈≈≈≈≈##.#
#.#
#..............#
#.#
#..............#


You could see a soul eater and 6 friendly fire vortices.

Vanquished Creatures
  the Royal Jelly (Slime:5)
  5 ancient liches
  7 orbs of fire
  A juggernaut (Depths:4)
  Bai Suzhen (Depths:1)
  Margery (Depths:3)
  4 Killer Klowns (Zot:5)
  Xtahua (Depths:3)
  4 curse toes
  The ghost of deorigin the Brawler, an adept TrMo of Ru (Depths:2)
  Nikola (Depths:3)
  A bone dragon (Depths:5)
  A Tzitzimitl (D:1)
  19 golden dragons
  4 electric golems
  2 deep elf blademasters (Elf:3)
  Asterion (Snake:4)
  20 tentacled monstrosities
  7 liches
  24 Orb Guardians
  4 titans
  7 quicksilver dragons
  4 deep elf master archers (Elf:3)
  11 death cobs
  3 ancient champions
  Frances (Elf:1)
  22 acid blobs
  3 sphinxes
  2 thorn hunters (Depths:3)
  Donald (Crypt:2)
  Kirke (Lair:4)
  13 shadow dragons
  20 storm dragons
  15 tengu reavers
  A revenant (Crypt:1)
  A pandemonium lord (Zot:2)
  3 draconian monks
  16 fire giants
  6 nagarajas
  7 azure jellies
  A draconian scorcher (Zot:5)
  19 vault wardens
  2 iron dragons
  5 deep elf sorcerers
  6 draconian knights
  11 frost giants
  6 ghost moths
  Louise (Swamp:2)
  8 draconian shifters
  2 juggernaut zombies (Depths:2)
  A ghoul (Crypt:1)
  2 curse skulls (Crypt:3)
  4 draconian stormcallers
  22 very ugly things
  17 stone giants
  16 ironheart preservers
  A draconian annihilator (Zot:5)
  3 deep elf elementalists
  3 spriggan defenders (Depths:4)
  3 reapers (Crypt:3)
  16 green draconians
  7 vampire knights
  9 deep elf demonologists
  5 deep elf annihilators
  A minotaur (Gauntlet)
  Azrael (Elf:2)
  A spectral titan (Depths:2)
  10 black draconians
  6 spark wasps
  7 red draconians
  11 yellow draconians
  2 dire elephants
  13 purple draconians
  13 white draconians
  A spark wasp (shapeshifter) (Vaults:5)
  Snorg (D:11)
  19 deep elf death magi
  9 fire dragons
  9 eidola
  A green death (Depths:3)
  8 ettins
  A mummy priest (Crypt:3)
  23 yaktaur captains
  8 jiangshi
  8 death oozes
  6 deep elf high priests
  20 great orbs of eyes
  2 quicksilver dragon skeletons (Crypt:3)
  16 ice dragons
  32 vault guards
  A juggernaut simulacrum (Depths:2)
  6 rakshasas
  15 hydras
  5 spriggan air magi
  A catoblepas (Lair:6)
  A monstrous demonspawn (Depths:3)
  16 naga warriors
  5 centaur warriors
  Erica (D:8)
  3 shambling mangroves
  14 alligators
  11 dancing weapons
  2 spectral stone giants (Depths:2)
  25 two-headed ogres
  A hell hog (Depths:5)
  4 vampire magi
  22 naga sharpshooters
  19 ogre magi
  5 deep troll earth magi
  11 deep troll shamans
  7 death knights
  6 tengu warriors
  2 spriggan berserkers
  4 anacondas
  13 death yaks (Lair:6)
  3 thrashing horrors (Abyss:3)
  12 deep elf knights
  7 orc high priests
  Urug (Lair:2)
  3 titan zombies
  11 hell knights
  8 shock serpents
  Sonja (Lair:4)
  A wretched star (Abyss:3)
  3 soul eaters (Crypt:3)
  Nergalle (Lair:2)
  4 salamander mystics
  2 shadow wraiths
  20 deep trolls
  3 spriggan druids
  A death drake (shapeshifter) (Vaults:1)
  29 skeletal warriors
  An infernal demonspawn (Depths:3)
  An iron troll (Depths:5)
  2 storm dragon skeletons
  12 swamp dragons
  A cherub (D:1)
  8 wizards
  3 shadow demons
  10 unseen horrors
  5 starcursed masses (Abyss:3)
  12 glowing orange brains
  6 naga ritualists
  23 deep elf archers
  11 flayed ghosts
  A mana viper (shapeshifter) (Depths:4)
  2 anaconda skeletons (Crypt:3)
  19 phantasmal warriors
  A shadow dragon zombie (Crypt:3)
  14 orc knights
  An obsidian statue (Snake:1)
  71 deep elf magi
  20 necromancers
  20 ironbrand convokers
  2 harpies (shapeshifter)
  4 harpies (Vaults:4)
  19 ugly things
  8 mana vipers
  2 manticores
  2 fire giant zombies (Crypt:3)
  8 orc sorcerers
  2 tengu zombies
  7 cyclopes
  An oklob plant (Lair:6)
  3 stone giant zombies
  2 salamanders (shapeshifter)
  20 salamanders
  11 wolf spiders
  2 frost giant zombies
  A centaur zombie (D:13)
  4 shining eyes
  An iron dragon skeleton (Crypt:3)
  A black mamba (shapeshifter) (Depths:2)
  39 black mambas
  A fire giant skeleton (Crypt:3)
  A frost giant skeleton (Crypt:3)
  18 naga magi
  4 guardian serpents
  A smoke demon (Abyss:3)
  23 moths of wrath
  An ice statue (IceCv)
  A human skeleton (Vaults:4)
  4 titan simulacra
  14 elephants
  A guardian serpent (shapeshifter) (Gauntlet)
  A rust devil (Depths:3)
  An elephant (shapeshifter) (Elf:3)
  A stone giant skeleton (Crypt:3)
  25 vault sentinels
  A torpor snail (Lair:4)
  An elf zombie (Vaults:5)
  2 kobold demonologists (Depths:1)
  A spiny frog (shapeshifter) (Vaults:2)
  20 spiny frogs
  A gargoyle (D:14)
  A yaktaur zombie (Vaults:2)
  A rime drake (shapeshifter) (Vaults:4)
  7 ice devils (D:10)
  3 yaktaurs (shapeshifter)
  55 yaktaurs
  5 rime drakes
  2 komodo dragons
  An efreet (D:15)
  2 hydra zombies (Crypt:3)
  24 freezing wraiths
  A tormentor (Zot:2)
  2 ancient zymes (Abyss:3)
  A sea snake skeleton (Crypt:2)
  13 hellwings (Crypt:3)
  A yaktaur skeleton (Vaults:2)
  A merfolk (shapeshifter) (Depths:4)
  7 tengu conjurers
  A guardian mummy (Crypt:3)
  A tengu simulacrum (Vaults:1)
  A red devil (Zot:2)
  A polar bear (shapeshifter) (Vaults:5)
  A minotaur skeleton (Crypt:2)
  A meliai (shapeshifter) (Vaults:3)
  20 hornets
  7 polar bears
  A queen bee (shapeshifter) (Depths:4)
  4 tyrant leeches
  2 jumping spiders (Crypt:3)
  2 wolf spider simulacra (IceCv)
  8 trolls
  11 blink frogs
  115 slime creatures
  Prince Ribbit (D:5)
  3 bog bodies
  6 dream sheep
  An alligator zombie (Crypt:1)
  A hornet (shapeshifter) (D:15)
  A meliai zombie (Crypt:2)
  A large abomination (Abyss:3)
  A fire giant simulacrum (Vaults:3)
  A blink frog (shapeshifter) (Vaults:5)
  3 human simulacra
  2 stone giant simulacra (Depths:2)
  4 raiju (Abyss:3)
  12 hippogriffs
  An ettin skeleton (Crypt:3)
  An ettin zombie (Vaults:4)
  An ice dragon skeleton (Crypt:1)
  10 water elementals
  3 redbacks (Crypt:3)
  A spriggan (shapeshifter) (Depths:1)
  10 spriggans
  6 wyverns
  2 ushabtiu (Crypt:3)
  A vampire (D:15)
  A ynoxinul (Abyss:3)
  12 wraiths
  28 yaks
  5 shadows
  2 air elementals (Elf:2)
  An elf simulacrum (Vaults:5)
  2 basilisks
  An orc simulacrum (Vaults:1)
  7 fire bats
  A redback (shapeshifter) (Vaults:5)
  8 fire elementals
  3 hogs (Lair:4)
  A chaos spawn (Zot:4)
  A human (shapeshifter) (Vaults:1)
  15 vampire mosquitoes
  Menkaure (D:5)
  A neqoxec (D:5)
  A yaktaur simulacrum (Vaults:5)
  7 wargs
  22 swamp worms
  A torturous demonspawn zombie (Crypt:2)
  A two-headed ogre zombie (Crypt:1)
  10 insubstantial wisps
  3 acid dragons
  73 nagas
  11 hell hounds
  Duvessa (D:5)
  A water moccasin (shapeshifter) (Depths:4)
  12 water moccasins
  52 orc warriors
  A spiny frog zombie (Crypt:3)
  3 porcupines
  7 swamp drakes
  A merfolk skeleton (Crypt:2)
  A snapping turtle zombie (Crypt:3)
  An ice beast (shapeshifter) (Depths:3)
  4 sky beasts
  An eye of draining (shapeshifter) (Vaults:5)
  3 necrophages
  9 black bears
  5 eyes of draining
  8 ice beasts
  42 ogres
  2 ettin simulacra
  6 boggarts
  5 phantoms
  18 centaurs
  19 wolves
  13 crocodiles
  A draconian zombie (Crypt:2)
  5 human zombies
  A salamander zombie (Crypt:2)
  A hippogriff zombie (Crypt:2)
  2 big kobolds
  21 bullfrogs
  5 earth elementals
  A gnoll sergeant (D:9)
  6 wyvern skeletons (Crypt:3)
  Dowan (D:5)
  A scorpion (shapeshifter) (Gauntlet)
  A small abomination (Abyss:3)
  4 scorpions
  An elephant simulacrum (IceCv)
  A polar bear skeleton (Crypt:1)
  25 killer bees
  23 wights
  2 howler monkeys (D:9)
  2 electric eels
  5 crimson imps
  5 hounds
  5 jellies
  A bullfrog zombie (D:3)
  3 draconian simulacra (IceCv)
  2 lava snakes (D:9)
  Crazy Yiuf (D:3)
  5 centaur skeletons
  2 bullfrog skeletons
  37 orc priests
  36 orc wizards
  5 iguanas
  A black bear skeleton (Crypt:2)
  3 spriggan simulacra (IceCv)
  11 worker ants
  7 troll simulacra (IceCv)
  A polar bear simulacrum (IceCv)
  4 centaur simulacra (IceCv)
  2 tengu skeletons
  3 hound skeletons
  A howler monkey zombie (D:9)
  5 worker ant zombies
  5 gnolls
  10 adders
  3 ogre simulacra (IceCv)
  A steam dragon skeleton (Crypt:1)
  6 shadow imps
  12 white imps (IceCv)
  5 ufetubi (D:10)
  A worm zombie (Crypt:1)
  A halfling zombie (Crypt:2)
  2 adder skeletons
  2 worms
  A dart slug (D:5)
  3 leopard geckos
  118 orcs
  8 bats
  3 giant cockroaches
  5 goblins
  6 hobgoblins
  3 jackals (D:3)
  14 kobolds
  2 quokkas
  3 frilled lizards
  3 kobold zombies
  A quokka zombie (D:10)
  4 rats
  A bush (Lair:6)
  A butterfly (D:4)
  4 crawling corpses (Elf:3)
  2 fire vortices (D:9)
  8 plants
  6 withered plants (Crypt:3)
2765 creatures vanquished.

Vanquished Creatures (collateral kills)
  An ancient lich (Vaults:5)
  3 tentacled monstrosities
  2 Orb Guardians (Zot:5)
  2 storm dragons
  A purple draconian (Zot:5)
9 creatures vanquished.

Vanquished Creatures (others)
  A slime creature (Slime:4)
  3 humans (Lair:4)
  An orc wizard (Orc:1)
  A ball lightning (Zot:5)
  An orc (D:4)
  A demonic plant (Gauntlet)
  124 fire vortices
  6 fungi
  15 plants
  2 withered plants (Crypt:3)
155 creatures vanquished.

Grand Total: 2929 creatures vanquished

Notes
Turn   | Place    | Note
-------+----------+-------------------------------------------
     0 | D:1      | kuniqs the Deep Elf Wizard began the quest for the Orb.
     0 | D:1      | Reached XP level 1. HP: 10/10 MP: 7/7
   557 | D:1      | Reached XP level 2. HP: 15/15 MP: 4/9
   561 | D:1      | Learned a level 2 spell: Blink
  1055 | D:2      | Found an opulent altar of Gozag.
  1201 | D:2      | Reached XP level 3. HP: 6/19 MP: 3/11
  1281 | D:1      | Learned a level 3 spell: Conjure Flame
  1285 | D:1      | Learned a level 3 spell: Mephitic Cloud
  1454 | D:2      | Reached skill level 5 in Spellcasting
  2126 | D:3      | Reached skill level 1 in Shields
  2168 | D:3      | Reached XP level 4. HP: 24/24 MP: 10/13
  2707 | D:3      | Found a runed translucent door.
  2708 | D:3      | Noticed Crazy Yiuf
  2722 | D:3      | Killed Crazy Yiuf
  2722 | D:3      | Reached XP level 5. HP: 28/28 MP: 4/15
  3239 | D:4      | Found a staircase to the Ecumenical Temple.
  3255 | D:4      | Found a radiant altar of Vehumet.
  3291 | Temple   | Entered the Ecumenical Temple
  3632 | D:4      | Reached XP level 6. HP: 32/32 MP: 10/17
  4048 | D:4      | Became a worshipper of Vehumet
  4288 | D:4      | Found a burning altar of Makhleb.
  4288 | D:4      | Noticed a green death
  4291 | D:4      | Noticed a neqoxec
  4291 | D:4      | Noticed a hellwing
  4345 | D:5      | Entered Level 5 of the Dungeon
  4395 | D:5      | Noticed Prince Ribbit
  4426 | D:5      | Killed Prince Ribbit
  4426 | D:5      | Reached skill level 5 in Stealth
  4426 | D:5      | Reached XP level 7. HP: 36/36 MP: 3/18
  4725 | D:5      | Noticed a fire elemental
  4726 | D:5      | Found a stormy altar of Qazlal.
  4729 | D:5      | Noticed a water elemental
  4729 | D:5      | Noticed an air elemental
  4791 | D:5      | Found a white marble altar of Elyvilon.
  4791 | D:5      | Found a faded altar of an unknown god.
  4796 | D:5      | Found a glowing golden altar of the Shining One.
  4800 | D:5      | Found a sacrificial altar of Ru.
  4802 | D:5      | Found a faded altar of an unknown god.
  4936 | D:5      | Noticed Duvessa
  4936 | D:5      | Noticed Dowan
  4957 | D:5      | Killed Dowan
  4962 | D:5      | Noticed Menkaure
  4964 | D:5      | Gained mutation: Your body sometimes deteriorates upon
                  | taking damage. [potion of mutation]
  4964 | D:5      | Gained mutation: Your body often deteriorates upon taking
                  | damage. [potion of mutation]
  4964 | D:5      | Gained mutation: You are resistant to hostile enchantments.
                  | (MR+) [potion of mutation]
  4964 | D:5      | Gained mutation: You are partially covered in iridescent
                  | scales. (AC +2) [potion of mutation]
  4968 | D:5      | Killed Duvessa
  5325 | D:5      | Killed Menkaure
  5555 | D:6      | Noticed a two-headed ogre
  5591 | D:6      | Killed a two-headed ogre
  5591 | D:6      | Reached skill level 5 in Conjurations
  5591 | D:6      | Reached XP level 8. HP: 41/41 MP: 2/22
  5959 | D:6      | Got a translucent war axe
  6033 | D:6      | Found a glowing silver altar of Zin.
  6106 | D:6      | Found Qecitz's Armour Shop.
  6109 | D:6      | Bought a +0 helmet for 58 gold pieces
  6144 | D:6      | Found a shadowy altar of Dithmenos.
  6277 | D:6      | Found a shadowy altar of Dithmenos.
  6559 | D:7      | Reached skill level 1 in Evocations
  6563 | D:7      | Noticed a hippogriff
  6568 | D:7      | Killed a hippogriff
  6568 | D:7      | Reached XP level 9. HP: 39/45 MP: 13/24
  6735 | D:7      | Reached * piety under Vehumet
  6735 | D:7      | Offered knowledge of Flame Tongue by Vehumet.
  6828 | D:7      | Found Fuckucil's Jewellery Shoppe.
  6833 | D:7      | Bought an uncursed ring of see invisible for 210 gold
                  | pieces
  6987 | D:7      | Found a sparkling altar of Nemelex Xobeh.
  7051 | D:7      | Learned a level 1 spell: Flame Tongue
  7311 | D:7      | Found an iron altar of Okawaru.
  7613 | D:8      | Reached skill level 10 in Spellcasting
  7707 | D:8      | Got a crystal morningstar
  7818 | D:8      | Noticed Erica
  7941 | D:8      | Killed Erica
  7941 | D:8      | Reached XP level 10. HP: 41/50 MP: 10/26
  8463 | D:8      | Reached skill level 10 in Stealth
  8463 | D:8      | Reached skill level 5 in Evocations
  8919 | D:8      | Offered knowledge of Freeze by Vehumet.
  8922 | D:8      | Reached ** piety under Vehumet
  8972 | D:8      | Identified the cursed +0 war axe "Jellybane" {chaos, +Fly}
                  | (You found it on level 6 of the Dungeon)
  8978 | D:8      | Identified the +6 morningstar of Circular Logic {speed,
                  | Int+6} (You found it on level 8 of the Dungeon)
  9031 | D:9      | Found a staircase to the Orcish Mines.
  9064 | D:9      | Noticed a two-headed ogre
  9082 | D:9      | Killed a two-headed ogre
  9218 | D:9      | Found a shattered altar of Ashenzari.
  9373 | D:9      | Found a staircase to the Lair.
  9419 | D:9      | Learned a level 3 spell: Confuse
  9596 | D:9      | Offered knowledge of Static Discharge by Vehumet.
  9693 | D:9      | Found a deep blue altar of Sif Muna.
  9780 | D:9      | Reached skill level 1 in Fighting
  9952 | D:10     | Entered Level 10 of the Dungeon
  9976 | D:10     | Reached XP level 11. HP: 58/58 MP: 17/29
  9977 | D:10     | Reached *** piety under Vehumet
  9989 | D:10     | Reached skill level 5 in Dodging
 10004 | D:10     | Learned a level 3 spell: Static Discharge
 10232 | D:10     | Found a bloodstained altar of Trog.
 10275 | D:10     | Offered knowledge of Olgreb's Toxic Radiance by Vehumet.
 10355 | D:10     | Learned a level 4 spell: Olgreb's Toxic Radiance
 10456 | D:10     | Reached skill level 1 in Poison Magic
 10575 | D:10     | Reached **** piety under Vehumet
 10674 | D:10     | Reached skill level 5 in Poison Magic
 10692 | D:10     | Offered knowledge of Sticky Flame by Vehumet.
 10752 | D:10     | Noticed an unseen horror
 10765 | D:10     | Killed an unseen horror
 10897 | D:10     | Noticed an unseen horror
 10912 | D:10     | Killed an unseen horror
 11325 | D:11     | Noticed an unseen horror
 11340 | D:11     | Killed an unseen horror
 11353 | D:11     | Learned a level 3 spell: Regeneration
 11356 | D:11     | Noticed an unseen horror
 11365 | D:11     | Killed an unseen horror
 11365 | D:11     | Reached skill level 1 in Charms
 11365 | D:11     | Reached skill level 1 in Necromancy
 11492 | D:11     | Found a frozen archway.
 11509 | IceCv    | Entered an ice cave
 11659 | IceCv    | Reached skill level 1 in Hexes
 11672 | IceCv    | Reached XP level 12. HP: 67/67 MP: 18/30
 12159 | IceCv    | Found an ancient bone altar of Kikubaaqudgha.
 12186 | IceCv    | Reached ***** piety under Vehumet
 12196 | IceCv    | Offered knowledge of Bolt of Fire by Vehumet.
 12215 | IceCv    | Learned a level 6 spell: Bolt of Fire
 12383 | IceCv    | Reached skill level 5 in Fighting
 12483 | IceCv    | Reached skill level 1 in Fire Magic
 13163 | D:11     | Noticed Snorg
 13174 | D:11     | Killed Snorg
 13201 | D:11     | Reached skill level 5 in Charms
 13590 | D:11     | Learned a level 4 spell: Cause Fear
 13861 | Lair:1   | Entered Level 1 of the Lair of Beasts
 14268 | Lair:1   | Reached skill level 5 in Hexes
 14534 | Lair:2   | Noticed Urug
 14537 | Lair:2   | Killed Urug
 14537 | Lair:2   | Reached skill level 5 in Necromancy
 14537 | Lair:2   | Reached skill level 5 in Fire Magic
 14538 | Lair:2   | Offered knowledge of Lightning Bolt by Vehumet.
 15034 | Lair:2   | Noticed Nergalle
 15042 | Lair:2   | Killed Nergalle
 15324 | Lair:2   | Reached XP level 13. HP: 72/72 MP: 18/31
 15834 | Lair:3   | Found a staircase to the Snake Pit.
 15836 | Lair:3   | Found a staircase to the Swamp.
 16785 | Lair:4   | Noticed Kirke
 16793 | Lair:4   | Killed Kirke
 16829 | Lair:4   | Noticed Sonja
 16831 | Lair:4   | Killed Sonja
 17155 | Lair:4   | Reached skill level 10 in Dodging
 17654 | Lair:4   | Learned a level 5 spell: Lightning Bolt
 17813 | Lair:5   | Identified the Reference Book on Igneous Moulding
 17835 | Lair:5   | Reached skill level 10 in Conjurations
 18140 | Lair:5   | Found a viscous altar of Jiyva.
 18141 | Lair:5   | Found a staircase to the Slime Pits.
 18492 | Lair:6   | Entered Level 6 of the Lair of Beasts
 18866 | Lair:6   | Reached XP level 14. HP: 78/78 MP: 20/33
 19118 | Lair:6   | Offered knowledge of Iron Shot by Vehumet.
 19887 | Lair:6   | Reached skill level 15 in Spellcasting
 19887 | Lair:6   | Reached skill level 10 in Fire Magic
 20451 | D:12     | Found a gate leading to a gauntlet.
 20556 | Gauntlet | Entered a Gauntlet
 20556 | Gauntlet | Found a transporter.
 20566 | Gauntlet | Found a transporter.
 20581 | Gauntlet | Found a transporter.
 20586 | Gauntlet | Found a transporter.
 20606 | Gauntlet | Found a transporter.
 20620 | Gauntlet | Found a transporter.
 20632 | Gauntlet | Found a transporter.
 20644 | Gauntlet | Found a transporter.
 20656 | Gauntlet | Found a transporter.
 20668 | Gauntlet | Found a transporter.
 20685 | Gauntlet | Found a transporter.
 20703 | Gauntlet | Found a transporter.
 20705 | Gauntlet | Found a transporter.
 20730 | Gauntlet | Found a transporter.
 20732 | Gauntlet | Found a transporter.
 20752 | Gauntlet | Found a transporter.
 20830 | Gauntlet | Found a transporter.
 20850 | Gauntlet | Found a transporter.
 21062 | Gauntlet | Identified the Reference Book on Heat and the Voyage
 21100 | Gauntlet | Got an ichor-stained hat
 21115 | Gauntlet | Identified the +2 hat of Tempters {+Fly rC+ Int+3 Dex-2}
                  | (You found it in a Gauntlet)
 21325 | Gauntlet | Identified the +2 flail of the Moth {crush, rC+ MR+}
 21733 | D:12     | Offered knowledge of Bolt of Draining by Vehumet.
 22999 | D:14     | Reached XP level 15. HP: 82/82 MP: 32/37
 23305 | D:14     | Found a gate to the Vaults.
 23545 | D:14     | Learned a level 5 spell: Bolt of Draining
 23930 | D:15     | Entered Level 15 of the Dungeon
 24216 | D:15     | Identified the cursed +1 hand axe of the Throat {pain, rF+}
 24267 | D:15     | Offered knowledge of Orb of Destruction by Vehumet.
 25005 | D:15     | Found a staircase to the Depths.
 25068 | D:15     | Found a sparkling altar of Nemelex Xobeh.
 25254 | Orc:1    | Entered Level 1 of the Orcish Mines
 25280 | D:9      | Learned a level 7 spell: Orb of Destruction
 25536 | Orc:2    | Entered Level 2 of the Orcish Mines
 25582 | Orc:2    | Offered knowledge of Conjure Ball Lightning by Vehumet.
 25587 | Orc:2    | Reached ****** piety under Vehumet
 25635 | Orc:2    | Found Anuusk's Food Shoppe.
 26351 | Orc:2    | Found Qopiteass's General Store.
 26351 | Orc:2    | Found Mimeoset's Weapon Shop.
 26354 | Orc:2    | Found Ynomp's Food Shoppe.
 26354 | Orc:2    | Found Wolef's Food Shoppe.
 26375 | Orc:2    | Bought a scroll of amnesia for 52 gold pieces
 26375 | Orc:2    | Bought a potion of agility for 60 gold pieces
 26375 | Orc:2    | Bought a potion of curing for 45 gold pieces
 26548 | Orc:2    | Found a staircase to the Elven Halls.
 26682 | Orc:1    | Offered knowledge of Spellforged Servitor by Vehumet.
 27058 | Swamp:1  | Entered Level 1 of the Swamp
 27630 | Swamp:1  | Reached XP level 16. HP: 88/90 MP: 13/40
 28081 | Swamp:2  | Noticed Louise
 28084 | Swamp:2  | Killed Louise
 29278 | Swamp:3  | Offered knowledge of Fire Storm by Vehumet.
 29278 | Swamp:3  | Offered knowledge of Chain Lightning by Vehumet.
 29278 | Swamp:3  | Offered knowledge of Ignition by Vehumet.
 29498 | Swamp:4  | Entered Level 4 of the Swamp
 29971 | Swamp:4  | Reached skill level 10 in Fighting
 30901 | Swamp:4  | Got a decaying rune of Zot
 31112 | Swamp:4  | Learned a level 6 spell: Deflect Missiles
 31215 | Snake:1  | Entered Level 1 of the Snake Pit
 31352 | Snake:1  | Reached skill level 1 in Air Magic
 31357 | Snake:1  | Found a gateway to a bazaar.
 31543 | Snake:1  | Reached XP level 17. HP: 104/104 MP: 31/41
 32200 | Snake:2  | Got a glittering lead amulet
 32202 | Snake:2  | Identified the amulet of Gen Onuy {Acrobat Int+5 Stlth+}
                  | (You found it on level 2 of the Snake Pit)
 32553 | Snake:2  | Reached skill level 10 in Charms
 33292 | Snake:3  | Reached skill level 5 in Air Magic
 34295 | Snake:3  | Found Uggajoyph's General Store.
 34300 | Snake:3  | Bought a scroll of identify for 36 gold pieces
 34300 | Snake:3  | Bought 2 potions of haste for 360 gold pieces
 34300 | Snake:3  | Identified a scroll of acquirement
 34669 | Snake:4  | Entered Level 4 of the Snake Pit
 34802 | Snake:4  | Found Nezedos's Distillery.
 35035 | Snake:4  | Bought a potion of mutation for 96 gold pieces
 35035 | Snake:4  | Bought a potion of curing for 36 gold pieces
 35035 | Snake:4  | Bought a potion of brilliance for 48 gold pieces
 35035 | Snake:4  | Bought a potion of brilliance for 48 gold pieces
 35035 | Snake:4  | Bought a potion of brilliance for 48 gold pieces
 35435 | Snake:4  | Reached XP level 18. HP: 115/115 MP: 21/42
 35541 | Snake:4  | Noticed Asterion
 35544 | Snake:4  | Killed Asterion
 35657 | Snake:4  | Reached skill level 15 in Conjurations
 36482 | Snake:4  | Got a serpentine rune of Zot
 37029 | Elf:1    | Entered Level 1 of the Elven Halls
 37571 | Elf:1    | Noticed Frances
 37578 | Elf:1    | Killed Frances
 39060 | Elf:2    | Found a runed translucent gate.
 39060 | Elf:2    | Found a runed translucent gate.
 39062 | Elf:2    | Found a runed translucent gate.
 39117 | Elf:2    | Noticed Azrael
 39157 | Elf:2    | Killed Azrael
 39487 | Elf:2    | Identified the +7 spear of Utziss {speed, rPois MP+9 Int+2}
 39510 | Elf:2    | Reached XP level 19. HP: 121/121 MP: 20/44
 39724 | Elf:3    | Entered Level 3 of the Elven Halls
 40276 | Elf:3    | Noticed a Brimstone Fiend
 40278 | Elf:3    | Noticed a Brimstone Fiend
 40632 | Elf:3    | Learned a level 8 spell: Ignition
 41034 | Elf:3    | Identified the +9 flail of Exquisite Death {venom, rN++
                  | Str+3}
 41034 | Elf:3    | Identified the amulet of Wyzeyha {RegenMP rF+ MR+ Str-5
                  | Slay+2}
 41134 | Elf:3    | Got a heavily runed bone amulet
 41135 | Elf:3    | Identified the amulet "Rovyah" {Gourm Int+3} (You acquired
                  | it on level 3 of the Elven Halls)
 41159 | Elf:3    | Found the +3 Elemental Staff {rElec rF++ rC++ MR++ AC+5}
 41159 | Elf:3    | Identified the Incunabulum of Dislocation and Clay
 41197 | Elf:3    | Got a jewelled leather armour
 41208 | Elf:3    | Identified the cursed +1 leather armour of the Postmodern
                  | Gods {rC+ SInv} (You found it on level 3 of the Elven
                  | Halls)
 41298 | Elf:3    | Found the +3 sling "Punk" {acid, rCorr}
 41303 | Elf:3    | Got a polished whip
 41304 | Elf:3    | Identified the +8 whip "Decefaysu" {slash, +Blink} (You
                  | found it on level 3 of the Elven Halls)
 42154 | Vaults:1 | Entered Level 1 of the Vaults
 42942 | Vaults:1 | Found the +9 scales of the Dragon King {rPois rF+ rC+ MR+}
 43111 | Vaults:1 | Reached XP level 20. HP: 127/127 MP: 35/46
 45013 | Vaults:2 | Found Mojuu's Jewellery Emporium.
 45017 | Vaults:2 | Bought the ring "Daij Sock" {rPois rF+ Str+3 Int+5 Slay+2}
                  | for 1185 gold pieces
 45722 | Vaults:1 | Got an encrusted demon whip
 45723 | Vaults:1 | Identified the +3 demon whip "Zooxihuo" {elec, *Slow rElec
                  | rF++ Dex+10} (You found it on level 1 of the Vaults)
 47371 | Vaults:3 | Identified the cursed +0 pair of boots of Death's Door
                  | {+Inv rCorr Str-2 Stlth+} (You found it on level 3 of the
                  | Vaults)
 47802 | Vaults:3 | Found a staircase to the Crypt.
 47802 | Vaults:3 | Found a basalt altar of Yredelemnul.
 47803 | Vaults:3 | Found an ancient bone altar of Kikubaaqudgha.
 48048 | Vaults:4 | Reached XP level 21. HP: 132/132 MP: 21/48
 48499 | Vaults:4 | Reached skill level 15 in Stealth
 48714 | Vaults:4 | Noticed Mennas
 49363 | Vaults:4 | Learned a level 5 spell: Dispel Undead
 49727 | Slime:1  | Entered Level 1 of the Pits of Slime
 50055 | Slime:4  | Lost mutation: You are resistant to hostile enchantments.
                  | (MR+) [a shining eye]
 50197 | Slime:5  | Entered Level 5 of the Pits of Slime
 50379 | Slime:5  | Reached skill level 15 in Fire Magic
 50431 | Slime:5  | Noticed the Royal Jelly
 50435 | Slime:5  | Killed the Royal Jelly
 50435 | Slime:5  | Reached XP level 22. HP: 137/137 MP: 3/50
 50549 | Slime:5  | Found the +12 Vampire's Tooth {vamp}
 50598 | Slime:5  | Got an ichor-stained hunting sling
 50599 | Slime:5  | Identified the +5 hunting sling "Pias Pej" {speed, rF+ MP+9
                  | Dex+6} (You found it on level 5 of the Pits of Slime)
 50619 | Slime:5  | Got a slimy rune of Zot
 50676 | Slime:5  | Identified the Disquisition on the Blaze and Cold
 50728 | Slime:5  | Learned a level 9 spell: Fire Storm
 51102 | Crypt:1  | Entered Level 1 of the Crypt
 51957 | Crypt:1  | Reached skill level 10 in Necromancy
 52669 | Crypt:2  | Noticed Donald
 52674 | Crypt:2  | Killed Donald
 53013 | Crypt:3  | Entered Level 3 of the Crypt
 53109 | Crypt:3  | Noticed an ancient lich
 53115 | Crypt:3  | Killed an ancient lich
 53167 | Crypt:3  | Got a scintillating copper ring
 53168 | Crypt:3  | Identified the ring of Noivvaf {Fire rN++ Str+4} (You found
                  | it on level 3 of the Crypt)
 53179 | Crypt:3  | Identified Foutesch's Intricacies of Magic
 53962 | Crypt:3  | Found a staircase to the Tomb.
 54266 | Crypt:3  | Found an ancient bone altar of Kikubaaqudgha.
 54964 | Crypt:3  | Reached XP level 23. HP: 142/142 MP: 41/52
 55197 | Crypt:3  | Identified the +0 robe "Mierr" {rF- Str+6 SInv} (You found
                  | it on level 3 of the Crypt)
 55454 | Vaults:5 | Entered Level 5 of the Vaults
 55868 | Vaults:5 | Identified the +8 broad axe "Keottumaco" {chop, +Blink MR+}
 56380 | Vaults:5 | Learned a level 2 spell: Sublimation of Blood
 56459 | Vaults:5 | Identified the +8 arbalest "Killer Klown's Foe" {elec,
                  | *Drain rC+ Int+5}
 56741 | Vaults:5 | Learned a level 8 spell: Death's Door
 56932 | Vaults:5 | Got a silver rune of Zot
 56943 | Vaults:5 | Identified the +1 chain mail of Zisog {Str+4}
 56944 | Vaults:5 | Reached XP level 24. HP: 148/148 MP: 43/53
 57027 | Vaults:5 | Identified the +4 chain mail "Hilacvia" {rF- rC+ rN+ Regen+
                  | Dex+3}
 57029 | Vaults:5 | Noticed an ancient lich
 57031 | Vaults:5 | Killed an ancient lich
 57989 | Depths:1 | Entered Level 1 of the Depths
 58223 | Depths:1 | Found a deep blue altar of Sif Muna.
 58261 | Depths:1 | Noticed Bai Suzhen
 58263 | Depths:1 | Killed Bai Suzhen
 58441 | Depths:1 | Identified the +2 pair of gloves of Fun {-Tele rCorr Int+5}
                  | (You acquired it on level 1 of the Depths)
 58657 | Depths:1 | Found a gateway to Hell.
 58675 | Depths:1 | Found a gateway to a ziggurat.
 58819 | Depths:1 | Found Juixin Tue's Changing Room.
 59540 | Depths:2 | Found a transporter.
 59545 | Depths:2 | Found a radiant altar of Vehumet.
 59580 | Depths:2 | Found a one-way gate to the infinite horrors of the Abyss.
 59679 | Depths:2 | Found a transporter.
 59764 | Depths:2 | Identified the +2 cloak "Qeym" {Str+6 Int-4 Dex+6} (You
                  | found it on level 2 of the Depths)
 59766 | Depths:2 | Got a vibrating copper ring
 59767 | Depths:2 | Identified the ring "Itoroj" {AC+3 Int+3} (You found it on
                  | level 2 of the Depths)
 59772 | Depths:2 | Identified the Handbook of Igneous Stones
 60282 | Depths:2 | Found a runed translucent door.
 60283 | Depths:2 | Noticed deorigin's ghost (adept TrMo)
 60299 | Depths:2 | Reached skill level 15 in Charms
 60301 | Depths:2 | Reached XP level 25. HP: 121/152 MP: 44/54
 60307 | Depths:2 | Killed deorigin's ghost
 60844 | Depths:3 | Noticed Margery
 60848 | Depths:3 | Killed Margery
 60984 | Depths:3 | Noticed Xtahua
 60987 | Depths:3 | Killed Xtahua
 61249 | Depths:3 | Found a one-way gate leading to the halls of Pandemonium.
 61249 | Depths:3 | Noticed Nikola
 61252 | Depths:3 | Killed Nikola
 62547 | Depths:4 | Noticed a juggernaut
 62550 | Depths:4 | Killed a juggernaut
 62727 | Depths:4 | Got a vibrating golden ring
 62728 | Depths:4 | Identified the ring of Dim Light {*Drain +Inv rC- MR+
                  | Int+9} (You found it on level 4 of the Depths)
 63019 | Depths:4 | Reached XP level 26. HP: 158/158 MP: 46/55
 63148 | Depths:4 | Reached skill level 27 in Spellcasting
 63308 | Depths:4 | Cast into level 3 of the Abyss (a lich)
 63353 | Abyss:3  | Found a corrupted altar of Lugonu.
 63614 | Depths:4 | Escaped the Abyss
 63908 | Depths:4 | Identified the ring of Scepticism {Wiz +Fly rF+}
 63933 | Depths:4 | Found a burning altar of Makhleb.
 64425 | Depths:4 | Identified the +12 flail "Lempeid" {elec, Str+2 Int-2
                  | Dex+5}
 64528 | Depths:5 | Entered Level 5 of the Depths
 64944 | Depths:5 | Identified the ring of Doubts {MR++ Str+3 SInv}
 65132 | Depths:5 | Got a vibrating sapphire amulet
 65133 | Depths:5 | Identified the amulet of the Secret Blessings {*Drain
                  | Regen+ Int+4 Dex+6 Stlth+} (You acquired it on level 5 of
                  | the Depths)
 65405 | Depths:5 | Found a gate to the Realm of Zot.
 65505 | Depths:5 | Found a corrupted altar of Lugonu.
 65698 | Zot:1    | Entered Level 1 of the Realm of Zot
 65731 | Zot:1    | Noticed an orb of fire
 65866 | Zot:1    | Killed an orb of fire
 65881 | Zot:1    | Reached XP level 27. HP: 158/164 MP: 17/56
 66184 | Zot:1    | You fall into a shaft and drop 1 floor!
 66187 | Zot:2    | Noticed an orb of fire
 66328 | Zot:2    | Gained mutation: You are frail. (-10% HP) [an orb of fire]
 66331 | Zot:2    | Killed an orb of fire
 66364 | Zot:2    | Found a transporter.
 66409 | Zot:2    | Reached skill level 15 in Fighting
 66979 | Zot:2    | Found a transporter.
 67550 | Zot:3    | Reached skill level 27 in Conjurations
 67700 | Zot:3    | Lost mutation: You are frail. (-10% HP) [potion of
                  | mutation]
 67700 | Zot:3    | Gained mutation: You are mostly covered in iridescent
                  | scales. (AC +4) [potion of mutation]
 67700 | Zot:3    | Gained mutation: You are weak. (Str -2) [potion of
                  | mutation]
 67700 | Zot:3    | Gained mutation: You are resistant to hostile enchantments.
                  | (MR+) [potion of mutation]
 68536 | Zot:4    | Found a transporter.
 68818 | Zot:4    | Found a transporter.
 68972 | Zot:4    | Noticed an orb of fire
 68983 | Zot:4    | Killed an orb of fire
 69218 | Zot:5    | Entered Level 5 of the Realm of Zot
 70520 | Zot:5    | Noticed an orb of fire
 70523 | Zot:5    | Killed an orb of fire
 70655 | Zot:5    | Noticed an ancient lich
 70659 | Zot:5    | Killed an ancient lich
 70678 | Zot:5    | Noticed an orb of fire
 70678 | Zot:5    | Noticed an orb of fire
 70680 | Zot:5    | Killed an orb of fire
 70683 | Zot:5    | Killed an orb of fire
 70684 | Zot:5    | Noticed an orb of fire
 70688 | Zot:5    | Killed an orb of fire
 70693 | Zot:5    | Noticed an ancient lich
 70695 | Zot:5    | Killed an ancient lich
 70714 | Zot:5    | Noticed an ancient lich
 70720 | Zot:5    | Killed an ancient lich
 70739 | Zot:5    | Noticed an ancient lich
 70744 | Zot:5    | Killed an ancient lich
 71321 | Zot:5    | Got the Orb of Zot
 71382 | Zot:2    | Noticed Mucry the pandemonium lord
 71385 | Zot:2    | Killed Mucry the pandemonium lord
 71562 | D:12     | Noticed Vuocaru the pandemonium lord
 71775 | D:$      | Escaped with the Orb!

Levels and vault maps discovered:
D:1:      dpeg_arrival_pond, layout_basic, kennysheep_another_room
D:2:      layout_basic, first_ration, nicolae_gozag_seed_capital
D:3:      layout_basic, chequers_serial_rivers_room_b, uniq_crazy_yiuf_cottage
D:4:      layout_rooms, fiery_altar_vehumet, minmay_temple_entry_butterflies,
          serial_curves, eino_curves_02, eino_curves_03,
          makhleb_altar_promises_db
D:5:      layout_basic, nicolae_qazlal_style_of_elements,
          chequers_temple_overflow_minitemple, uniq_duvessa,
          uniq_prince_ribbit1, uniq_menkaure
D:6:      layout_basic, kennysheep_mini, overflow_temple_1_default,
          serial_shops, kennysheep_mini_moat, nicolae_dithmenos_the_darkroom
D:7:      layout_gridville, serial_shops, kennysheep_little_box, basic_altar,
          grunt_ogre_cave, kennysheep_okawaru_gauntlet
D:8:      layout_cave_pods, uniq_erica
D:9:      layout_cave_pools, lemuel_blue_sif_altar, ashenzari_altar_1,
          lair_entry_dummy, david_orc_2, serial_column_ruins, column_ruins_hut,
          column_ruins_grid_1, column_ruins_grid_1, column_ruins_grid_1,
          column_ruins_corridor_straight, column_ruins_open_medium,
          hangedman_incinerator
D:10:     cheibrodos_frozen_isle, layout_loops_corners, trog_ov_bears_minmay
D:11:     layout_basic, portal_ice_cave_entry_pillars_2, minmay_misc_feat_room,
          kennysheep_generic_room_10, uniq_snorg
D:12:     layout_rooms, gauntlet_entry_generic
D:13:     layout_basic, drop_trap
D:14:     layout_cave_pods, erik_vaults_1, corexii_leaking_fountain
D:15:     hangedman_depths_entry_try_elsewhere_first, layout_loops_ring,
          special_room [special_room_orc], serial_park_square1
          [serial_park_minivault_5x5_5], nemelex_xobeh_ov_fountains_minmay
Temple:   oiseaux_autumnal_temple
Lair:1:   layout_chaotic_city
Lair:2:   layout_layer_cave, hibernation_bobbens, uniq_nergalle, uniq_urug
Lair:3:   beast_lair_carwin_large_3, layout_regular_city, swamp_mist,
          minmay_snake_entry_guardpost_small
Lair:4:   layout_hall_layers, uniq_sonja, uniq_kirke
Lair:5:   layout_roguey, dpeg_slime_entry_enclosed_altar, serial_bayou_lake_a
Lair:6:   grunt_lair_end_beastmaster, layout_hall_layers
Swamp:1:  layout_basic_swamp, evilmike_swamp_ruin_rubble_2,
          infiniplex_staircase_pool
Swamp:2:  layout_basic_swamp, nicolae_swamp_stair_fork, uniq_louise
Swamp:3:  layout_basic_swamp, nicolae_swamp_trees_clearing, swamp_pool2
Swamp:4:  swamp_alternative, layout_basic_swamp
Snake:1:  layout_misc_corridors, serial_shops, statue_bzr
Snake:2:  layout_rooms
Snake:3:  layout_misc_corridors, grunt_ministairs_6, st_stairs_12,
          minmay_shop_grid_forest
Snake:4:  minmay_snake_end_coiled, layout_cave_town, serial_shops, shop,
          nrook_guardian_serpent_double, uniq_asterion
Slime:1:  layout_caves
Slime:2:  layout_caves
Slime:3:  layout_caves
Slime:4:  layout_caves
Slime:5
Orc:1:    layout_diamond_mine
Orc:2:    st_orc_elflike, layout_caves, serial_shops,
          nicolae_shop_competitors_out_of_business
Elf:1:    elf_arrival_002, layout_gridlike, hangedman_elf_disciples,
          hex_intersection, grunt_megastairs_5, uniq_frances
Elf:2:    layout_geoelf_diagonals, uniq_azrael, uniq_jorgrun
Elf:3:    minmay_elf_hall_circle, layout_geoelf_castle,
          nicolae_elf_glass_and_crystal_pillar_2, lemuel_flamethrower_1
Vaults:1: nicolae_vaults_border_crossing, v_rooms_2,
          vaults_mumra_minichess_inversion, nicolae_vaults_rhombus_6,
          nicolae_vaults_shelves_hall, v_misc_9, nicolae_vaults_network_star,
          nicolae_vaults_alarming, layout_vaults_omnibox
Vaults:2: grunt_vaults_bifocal, nicolae_vaults_hallways_thing,
          grunt_vaults_funnel, ontoclasm_vaults_misaligned,
          nicolae_vaults_murderbox, hangedman_vaults_capsules,
          nicolae_vaults_specimen_jars, vaults_mumra_lcd,
          nicolae_vaults_angled_halls, nicolae_vaults_little_squares_5,
          layout_vaults_omnigrid, serial_shops, shop
Vaults:3: ontoclasm_vaults_ligature, v_alt_pattern_5, vaults_dpeg_cross,
          v_misc_2, minmay_crypt_entry_necro_gods, ontoclasm_vaults_ring_small,
          ontoclasm_vaults_chip, vaults_room_semicircle, v_misc_13,
          dpeg_vaults_monster_box, v_pattern_2, vaults_mumra_hex,
          vaults_room_pool, layout_vaults_ring
Vaults:4: v_misc_28, vaults_room_pools, hangedman_vaults_stitches,
          nicolae_vaults_network_s, v_misc_28, v_misc_15,
          layout_vaults_big_room, uniq_mennas
Vaults:5
Crypt:1:  layout_misc_corridors, serial_sigils, serial_sigils_hangedman_clutch,
          serial_sigils_hangedman_snap, serial_sigils_hangedman_shear,
          serial_sigils_hangedman_gut, serial_sigils_hangedman_confine,
          serial_sigils_hangedman_stare, grunt_ministairs_2
Crypt:2:  layout_chaotic_city, uniq_donald
Crypt:3:  evilmike_haunted_forest
Depths:1: layout_basic, enter_ziggurat_f, hangedman_coc_ice_floe,
          grunt_decor_one_mirror, chequers_serial_rivers_small_3, drop_trap,
          minmay_strange_pillars, solitary_fountain, minivault_22,
          nicolae_transmutations_shop, nrook_mini_vaults, minmay_misc_feat_x,
          hangedman_summoners_spam, uniq_bai_suzhen
Depths:2: gammafunk_sealed_library, layout_gridlike, nrook_pool_corridor,
          muffindrake_ghost_dead_mans_drink, abyss_entry, hell_entry,
          minmay_misc_feat_tower, kennysheep_generic_room_9
Depths:3: onia_ninara_swampy_vault, layout_gridlike, rand_demon_pan_entry_5,
          serial_rivers, chequers_serial_rivers_room_a,
          chequers_serial_rivers_small_a, chequers_serial_rivers_micro_c,
          chequers_serial_rivers_large_a, hell_entry, uniq_margery, uniq_nikola,
          uniq_xtahua
Depths:4: minmay_the_grid_ultimate [minmay_the_grid_prize_four_corners,
          minmay_the_grid_prize_inner_circle, minmay_the_grid_prize_big_room,
          minmay_the_grid_prize_shrinking_boxes,
          minmay_the_grid_square_5x5_inset,
          minmay_the_grid_square_5x5_six_small,
          minmay_the_grid_square_5x5_gyroscope,
          minmay_the_grid_square_5x5_two_walls_a,
          minmay_the_grid_square_5x5_percent,
          minmay_the_grid_square_5x5_three_walls,
          minmay_the_grid_square_5x5_comb,
          minmay_the_grid_square_5x5_three_small,
          minmay_the_grid_square_5x5_tie,
          minmay_the_grid_square_5x5_eight_small,
          minmay_the_grid_square_5x5_minibox,
          minmay_the_grid_square_5x5_tetrominoes,
          minmay_the_grid_square_5x5_corner, minmay_the_grid_square_5x5_two,
          minmay_the_grid_square_5x5_spiral,
          minmay_the_grid_triangle_9x9_semitri,
          minmay_the_grid_triangle_9x9_limited_checkers,
          minmay_the_grid_triangle_9x9_swiss_cheese,
          minmay_the_grid_triangle_9x9_shrine,
          minmay_the_grid_triangle_9x9_steps,
          minmay_the_grid_triangle_9x9_thin_v,
          minmay_the_grid_triangle_9x9_cache,
          minmay_the_grid_triangle_9x9_zippers_horizontal,
          minmay_the_grid_triangle_9x9_alien,
          minmay_the_grid_triangle_9x9_minimal,
          minmay_the_grid_triangle_9x9_corruption,
          minmay_the_grid_triangle_9x9_from_above,
          minmay_the_grid_triangle_9x9_longest,
          minmay_the_grid_triangle_9x9_flanged_cone,
          minmay_the_grid_triangle_9x9_zippers_vertical,
          minmay_the_grid_triangle_9x9_sprig,
          minmay_the_grid_square_5x5_bracketed, minmay_the_grid_octo_clover_2,
          minmay_the_grid_octo_tetromino_candy,
          minmay_the_grid_octo_thin_diamonds,
          minmay_the_grid_octo_checkerflower, minmay_the_grid_octo_teeth,
          minmay_the_grid_octo_chip, minmay_the_grid_octo_odd_swirl,
          minmay_the_grid_octo_fat_diamond, minmay_the_grid_small_cups,
          minmay_the_grid_aliased_spiral, minmay_the_grid_outer_circle,
          minmay_the_grid_embedded], abyss_entry, hell_entry
Depths:5: grunt_x_marks_the_spot, layout_basic, abyss_entry_flame_altar,
          grunt_hell_horde, serial_bayou_lagoon_a
Zot:1:    layout_onion_interference
Zot:2:    gammafunk_dig_for_victory, layout_misc_corridors, st_stairs_10,
          grunt_megastairs_3
Zot:3:    layout_twisted_circle
Zot:4:    gammafunk_its_a_trap, layout_basic, zot_minivault_1,
          grunt_megastairs_2
Zot:5:    layout_gridlike, skrybe_zot_glass_3

Skill      XL: |  1  2  3  4  5  6  7  8  9 10 11 12 13 14 15 16 17 18 19 20 21 22 23 24 25 26 27 |
---------------+----------------------------------------------------------------------------------+-----
Stealth        | 3 4 5 7 8 9 10 11 13 14 15 | 15.0
Conjurations   | 2 3 4 5 6 8 9 10 12 14 16 17 18 19 21 22 25 27 | 27.0
Spellcasting   | 5 6 8 9 10 12 13 16 18 19 20 21 22 23 24 25 26 27 | 27.0
Shields        | 1 2 4 |  4.1
Evocations     | 1 4 5 |  5.0
Fighting       | 2 4 5 6 11 13 14 21 | 21.9
Dodging        | 4 7 9 10 12 14 | 14.0
Poison Magic   | 7 8 |  8.0
Charms         | 2 6 8 12 15 20 | 20.0
Necromancy     | 1 5 6 9 10 12 | 12.2
Hexes          | 1 5 8 |  8.0
Fire Magic     | 5 8 10 12 13 15 16 18 19 20 | 20.0
Air Magic      | 1 6 |  6.0
Summonings     | |  1.1
Translocations | |  1.1

Action                   |  1- 3 |  4- 6 |  7- 9 | 10-12 | 13-15 | 16-18 | 19-21 | 22-24 | 25-27 || total
-------------------------+-------+-------+-------+-------+-------+-------+-------+-------+-------++-------
Melee: Short sword       |       |     2 |       |       |       |       |       |       |       ||     2
       Quarterstaff      |       |     4 |       |       |       |       |       |       |       ||     4
       Morningstar       |       |       |       |    22 |    76 |     6 |       |       |       ||   104
       Staff             |       |       |       |       |       |       |     8 |     1 |     1 ||    10
 Fire: Hunting sling     |       |       |     1 |       |       |       |       |       |       ||     1
 Cast: Magic Dart        |    81 |   114 |   172 |   172 |     5 |       |       |       |       ||   544
       Conjure Flame     |     2 |    10 |    15 |    68 |     4 |       |       |       |       ||    99
       Mephitic Cloud    |       |     1 |    11 |    10 |     1 |       |       |       |       ||    23
       Flame Tongue      |       |       |    47 |   794 |   120 |       |       |       |       ||   961
       Confuse           |       |       |       |    12 |     1 |       |       |       |       ||    13
       Static Discharge  |       |       |       |     8 |    11 |     4 |     1 |       |       ||    24
       Bolt of Fire      |       |       |       |    55 |   485 |   619 |   543 |   358 |   467 ||  2527
       Blink             |       |       |       |     2 |       |       |     1 |       |       ||     3
       Olgreb's Toxic Ra |       |       |       |       |     9 |       |       |       |       ||     9
       Lightning Bolt    |       |       |       |       |    11 |     5 |     4 |       |     7 ||    27
       Cause Fear        |       |       |       |       |     7 |    10 |       |       |       ||    17
       Bolt of Draining  |       |       |       |       |     8 |    17 |     9 |    19 |   124 ||   177
       Regeneration      |       |       |       |       |     6 |    14 |     8 |    16 |    29 ||    73
       Orb of Destructio |       |       |       |       |     1 |    92 |    20 |    35 |    46 ||   194
       Deflect Missiles  |       |       |       |       |       |     8 |     4 |     3 |       ||    15
       Ignition          |       |       |       |       |       |       |    50 |    17 |     7 ||    74
       Dispel Undead     |       |       |       |       |       |       |       |   216 |    40 ||   256
       Fire Storm        |       |       |       |       |       |       |       |    23 |    90 ||   113
       Sublimation of Bl |       |       |       |       |       |       |       |    15 |    56 ||    71
Evoke: Wand              |       |       |    19 |     1 |     2 |    10 |    27 |     7 |    28 ||    94
       Lightning rod     |       |       |       |       |       |    11 |     6 |       |       ||    17
  Use: Scroll            |       |     5 |     3 |    12 |    13 |    14 |    12 |    14 |    10 ||    83
       Potion            |       |       |     4 |     1 |     3 |       |     2 |     6 |    10 ||    26
 Stab: Confused          |       |     1 |       |       |       |       |       |       |       ||     1
       Sleeping          |       |       |       |       |     1 |       |       |       |       ||     1
       Paralysed         |       |       |       |       |       |     5 |       |       |       ||     5
  Eat: Chunk             |     4 |     3 |     7 |    13 |    29 |    20 |    22 |    11 |    14 ||   123
       Ration            |       |     1 |     1 |     5 |     7 |     5 |     4 |     6 |     8 ||    37
Armor: Robe              |     2 |     3 |     8 |    20 |    72 |    34 |    14 |    23 |    23 ||   199
       Leather armour    |       |       |       |     9 |       |       |       |       |       ||     9
       Troll leather arm |       |       |       |    17 |     3 |       |       |       |       ||    20
Dodge: Dodged            |     7 |     5 |    27 |    63 |   180 |    90 |    60 |    87 |   103 ||   622
       Deflected         |       |       |       |       |       |    51 |    35 |    24 |    35 ||   145
Block: Buckler           |       |       |    15 |    34 |    76 |    44 |    24 |    29 |    27 ||   249
       Reflection        |       |       |     1 |     1 |     1 |       |       |       |       ||     3

Table legend:
 A = Non-vault XP
 B = Vault XP
 C = Vault XP percentage of total XP
 D = Non-vault monster count
 E = Vault monster count
 F = Vault count percentage of total count
                 A         B        C        D         E       F
            +---------+---------+-------+---------+---------+-------
      Total | 1018091 |  955666 |  48.4 |    1795 |     935 |  34.2
            +---------+---------+-------+---------+---------+-------
        D:1 |      16 |       0 |   0.0 |      10 |       0 |   0.0
        D:2 |      77 |       0 |   0.0 |      17 |       0 |   0.0
        D:3 |      92 |      42 |  31.3 |      19 |       1 |   5.0
        D:4 |     250 |       0 |   0.0 |      12 |       0 |   0.0
        D:5 |      20 |     654 |  97.0 |       4 |       4 |  50.0
        D:6 |    1300 |       0 |   0.0 |      12 |       0 |   0.0
        D:7 |    1569 |     126 |   7.4 |      22 |       3 |  12.0
        D:8 |    2256 |     934 |  29.3 |      29 |       1 |   3.3
        D:9 |    2178 |    1057 |  32.7 |      27 |      13 |  32.5
       D:10 |    4854 |    3081 |  38.8 |      46 |      14 |  23.3
       D:11 |    6461 |     895 |  12.2 |      51 |       1 |   1.9
       D:12 |   10523 |       0 |   0.0 |      47 |       0 |   0.0
       D:13 |    3610 |       0 |   0.0 |      29 |       0 |   0.0
       D:14 |    7567 |    1808 |  19.3 |      32 |       2 |   5.9
       D:15 |   14212 |    4300 |  23.2 |      44 |      31 |  41.3
     Lair:1 |    2811 |       0 |   0.0 |      14 |       0 |   0.0
     Lair:2 |    2154 |    1611 |  42.8 |       8 |       2 |  20.0
     Lair:3 |    3958 |    2404 |  37.8 |      22 |      13 |  37.1
     Lair:4 |    9175 |    3450 |  27.3 |      26 |       5 |  16.1
     Lair:5 |    3424 |       0 |   0.0 |      18 |       0 |   0.0
     Lair:6 |   15567 |    8803 |  36.1 |      40 |      17 |  29.8
    Swamp:1 |    4449 |       0 |   0.0 |      12 |       0 |   0.0
    Swamp:2 |    4874 |    1658 |  25.4 |      20 |       1 |   4.8
    Swamp:3 |   15824 |       0 |   0.0 |      40 |       0 |   0.0
    Swamp:4 |   17242 |   15683 |  47.6 |      40 |      24 |  37.5
    Snake:1 |   15187 |     632 |   4.0 |      35 |       1 |   2.8
    Snake:2 |   17740 |       0 |   0.0 |      34 |       0 |   0.0
    Snake:3 |   30249 |    2960 |   8.9 |      53 |       5 |   8.6
    Snake:4 |   22252 |   24193 |  52.1 |      43 |      44 |  50.6
    Slime:1 |    5981 |       0 |   0.0 |      12 |       0 |   0.0
    Slime:2 |    8648 |       0 |   0.0 |      11 |       0 |   0.0
    Slime:3 |   14860 |       0 |   0.0 |      24 |       0 |   0.0
    Slime:4 |   26398 |       0 |   0.0 |      35 |       0 |   0.0
    Slime:5 |    5936 |   24791 |  80.7 |      14 |       9 |  39.1
      Orc:1 |    5742 |       0 |   0.0 |      48 |       0 |   0.0
      Orc:2 |    5298 |    8323 |  61.1 |      58 |      25 |  30.1
      Elf:1 |   10105 |   13211 |  56.7 |      19 |      19 |  50.0
      Elf:2 |   27467 |    5583 |  16.9 |      44 |      13 |  22.8
      Elf:3 |   15233 |   45418 |  74.9 |      26 |      29 |  52.7
   Vaults:1 |   22864 |   26246 |  53.4 |      43 |      45 |  51.1
   Vaults:2 |   18048 |    6350 |  26.0 |      39 |       7 |  15.2
   Vaults:3 |   30236 |   26110 |  46.3 |      47 |      46 |  49.5
   Vaults:4 |   50127 |   10592 |  17.4 |      67 |      17 |  20.2
   Vaults:5 |   36949 |  160740 |  81.3 |      54 |     101 |  65.2
    Crypt:1 |   36024 |    2166 |   5.7 |      60 |       2 |   3.2
    Crypt:2 |   21385 |    2095 |   8.9 |      33 |       1 |   2.9
    Crypt:3 |       0 |   71896 | 100.0 |       0 |     105 | 100.0
   Depths:1 |   40853 |   12084 |  22.8 |      51 |      12 |  19.0
   Depths:2 |   27163 |   28748 |  51.4 |      34 |      30 |  46.9
   Depths:3 |   22734 |   36263 |  61.5 |      34 |      30 |  46.9
   Depths:4 |       0 |  164654 | 100.0 |       0 |     117 | 100.0
   Depths:5 |   44669 |   26436 |  37.2 |      51 |      23 |  31.1
      Zot:1 |   52675 |       0 |   0.0 |      25 |       0 |   0.0
      Zot:2 |   58623 |   20960 |  26.3 |      40 |       6 |  13.0
      Zot:3 |   49685 |       0 |   0.0 |      26 |       0 |   0.0
      Zot:4 |   53923 |   25097 |  31.8 |      25 |      15 |  37.5
      Zot:5 |   89606 |  154635 |  63.3 |      43 |      42 |  49.4
    Abyss:3 |   16968 |       0 |   0.0 |      26 |       0 |   0.0
      IceCv |       0 |    6862 | 100.0 |       0 |      54 | 100.0
   Gauntlet |       0 |    2115 | 100.0 |       0 |       5 | 100.0
            +---------+---------+-------+---------+---------+-------
